 Dungeon Crawl Stone Soup version 0.30.1-11-g7821555f0a (webtiles) character file.

Game seed: 15664254633675507755

1751 H0rd4k the Charlatan (level 9, 0/54 (58) HPs)
             Began as an Octopode Artificer on Oct 27, 2023.
             Was an Initiate of Gozag.
             Slain by an orc warrior
             ... wielding a +0 halberd of electrocution
              (10 damage)
             ... in a bailey.
             The game lasted 00:07:39 (7336 turns).

H0rd4k the Charlatan (Octopode Artificer)           Turns: 7336, Time: 00:07:40

HP:   0/54 (58)     AC:  1    Str: 11    XL:     9   Next: 6%
MP:   13/13         EV: 14    Int: 18    God:    Gozag
Gold: 418           SH:  5    Dex: 12    Spells: 13/13 levels left

rFire   + + .        w - +2 dagger (venom)
rCold   . . .        (no shield)
rNeg    + . .        (helmet restricted)
rPois   .            F - amulet of reflection
rElec   .            f - ring of positive energy
rCorr   +            k - ring of protection from fire
SInv    .            C - ring of protection from fire
Will    .....        K - ring of resist corrosion
Stlth   +++          (no ring)
HPRegen 0.29/turn    (no ring)
MPRegen 0.13/turn    (no ring)
                     (no ring)

%: reflection
@: gold aura, drained
A: almost no armour, amphibious, 8 rings, camouflage 1, gelatinous body 1,
(nimble swimmer 1), tentacles
a: Renounce Religion, Potion Petition, Call Merchant, Bribe Branch


You were in a bailey.
You worshipped Gozag.
Gozag was aware of your devotion.
You visited 2 branches of the dungeon, and saw 8 of its levels.
You also visited: Bailey.

You collected 521 gold pieces.
You paid 103 gold pieces to Gozag.

Inventory:

Hand Weapons
 w - a +2 dagger of venom (weapon)
Missiles
 d - 4 curare-tipped darts
 o - a throwing net
 y - 22 poisoned darts
Magical Staves
 e - a staff of fire
Jewellery
 f - a ring of positive energy (left tentacle)
 k - a ring of protection from fire (right tentacle)
 C - a ring of protection from fire (on tentacle)
 F - an amulet of reflection (around mantle)
 K - a ring of resist corrosion (on tentacle)
Wands
 b - a wand of flame (3) (quivered)
 c - a wand of charming (7)
 h - a wand of light (13)
 l - a wand of mindburst (13)
 t - a wand of digging (2)
Scrolls
 i - a scroll of butterflies {unknown}
 j - 2 scrolls of fear {unknown}
 n - a scroll of magic mapping {unknown}
 p - a scroll of fog {unknown}
 q - 2 scrolls of teleportation {unknown}
 r - 5 scrolls of identify {unknown}
 s - a scroll of vulnerability {unknown}
 v - a scroll of enchant weapon {unknown}
 z - 3 scrolls of amnesia {unknown}
 B - 2 scrolls of enchant armour {unknown}
 G - a scroll of immolation {unknown}
 H - a scroll of torment {unknown}
 I - a scroll of poison {unknown}
 J - a scroll of acquirement {unknown}
Potions
 a - 2 potions of heal wounds {unknown}
 g - 4 potions of might
 m - 2 potions of flight
 u - a potion of curing
 x - 2 potions of brilliance
 A - a potion of resistance {unknown}
 D - a potion of degeneration {unknown}
 E - 2 potions of cancellation {unknown}
 L - a potion of magic


   Skills:
 + Level 4.2 Fighting
 + Level 5.0 Short Blades
 + Level 5.4 Dodging
 - Level 1.3 Stealth
 + Level 0.3 Shields
 + Level 4.6 Unarmed Combat
 * Level 2.9 Spellcasting
 + Level 6.0 Evocations


You had 13 spell levels left.
You didn't know any spells.
Your spell library contained the following spells:

 Spells                   Type           Power      Damage    Failure   Level
 Poisonous Vapours        Pois/Air       4%         N/A       26%         2
 Mephitic Cloud           Conj/Pois/Air  2%         N/A       45%         3
 Freezing Cloud           Conj/Ice/Air   1%         6-21      99%         5


Dungeon Overview and Level Annotations

Branches:
Dungeon (7/15)             Temple (1/1) D:6          Bailey (1/1)

Altars:
Ashenzari
Cheibriados
Elyvilon
Fedhas
Gozag
Hepliaklqana
Kikubaaqudgha
Makhleb
Nemelex Xobeh
Qazlal
Trog
Uskayaw
Vehumet
Wu Jian
Xom
Yredelemnul
Zin
The Shining One

Shops:
D:2 (*[

Annotations:
D:2 1 runed translucent door, exclusions: door and downstairs, Crazy Yiuf
D:4 Dowan, Duvessa


Innate Abilities, Weirdness & Mutations

You cannot wear most types of armour.
You are amphibious.
You can wear up to eight rings at the same time.
Your skin changes colour to match your surroundings (Stealth+).
Your rubbery body absorbs attacks. (AC +1, EV +1)
((You are camouflaged when in or above water. (Stealth+)))
You have tentacles for arms and can constrict up to eight enemies at once.


Message History

a +0 halberd; a +0 ring mail A gnoll is nearby!
A gnoll is nearby!
No target in view!
No target in view!
No target in view!
A gnoll is nearby!
The gnoll shouts!
The gnoll barely misses you.
You hear a shout! x4
There is an open door here.
You hit the gnoll.
The gnoll is poisoned.
You grab the gnoll.
The gnoll is lightly wounded.
You constrict the gnoll. You hit the gnoll.
The gnoll looks as sick as possible!
The gnoll is severely wounded.
You constrict the gnoll. You hit the gnoll.
The gnoll looks as sick as possible!
The gnoll is almost dead.
You constrict the gnoll.
You kill the gnoll!
Your Evocations skill increases to level 6!
No target in view!
A gnoll comes into view.
It is wielding a +2 halberd of draining.
An orc warrior comes into view.
It is wielding a +0 halberd of electrocution.
The gnoll hits you from afar with a +2 halberd of draining!
You partially resist.
You feel drained.
Things that are here:
4 gold pieces; a +0 halberd of electrocution; 7 potions of might
There are monsters nearby!
A gnoll and an orc come into view.
The gnoll is wielding a +4 halberd of electrocution.
Found an orange potion.
The gnoll hits you with a +2 halberd of draining.
You partially resist.
You feel drained.
The orc warrior hits you from afar with a +0 halberd of electrocution!
* * * LOW HITPOINT WARNING * * *
You are electrocuted!
You die...
Your body crumbles into a pile of gold.

### #####
#.###$@g#
+##'##'###o#
#.....## ..
#.....###
g.!
+..⌠..'.#
⌠..
#)$...### .o
##$....# .
##$##'##'#
#+ #$###.#
#.#g#


You could see an orc warrior, 2 gnolls and an orc (wandering).

Vanquished Creatures
  Maggie (D:7)
  Sigmund (D:4)
  A black bear (D:5)
  An ice beast (D:5)
  An ogre (D:6)
  A gnoll sergeant (D:7)
  2 kobold brigands
  A scorpion (D:6)
  5 jellies
  7 hounds
  2 iguanas
  Ijyb (D:2)
  Robin (D:3)
  10 gnolls
  8 adders
  3 shadow imps
  A white imp (D:5)
  2 ufetubi (D:6)
  13 orcs
  9 endoplasms
  2 giant cockroaches
  13 goblins
  13 hobgoblins
  3 jackals
  A quokka (D:2)
  7 ball pythons
  8 bats
  3 frilled lizards
  21 kobolds
  6 rats
  A spectral orc (D:7)
149 creatures vanquished.

Vanquished Creatures (collateral kills)
  A gnoll (D:7)
  An adder (D:3)
2 creatures vanquished.

Vanquished Creatures (others)
  A human (D:3)
  2 gnolls (D:7)
  A jackal (D:2)
4 creatures vanquished.

Grand Total: 155 creatures vanquished

Notes
Turn   | Place    | Note
-------+----------+-------------------------------------------
     0 | D:1      | H0rd4k the Octopode Artificer began the quest for the Orb.
     0 | D:1      | Reached XP level 1. HP: 13/13 MP: 1/1
   159 | D:1      | Found a faded altar of an unknown god.
   210 | D:1      | Reached XP level 2. HP: 15/18 MP: 2/2
   434 | D:1      | Reached skill level 4 in Evocations
   756 | D:2      | Reached XP level 3. HP: 13/23 MP: 3/3
   827 | D:2      | Found Gegoopn's Weapon Shoppe.
  1133 | D:2      | Found a hazy altar of Hepliaklqana.
  1154 | D:2      | Found Ziavvosu's General Store.
  1370 | D:2      | Found Mescheun's Antique Armour Shoppe.
  1493 | D:2      | Found a runed translucent door.
  1494 | D:2      | Noticed Crazy Yiuf
  1561 | D:3      | Reached skill level 1 in Unarmed Combat
  1561 | D:3      | Reached XP level 4. HP: 15/28 MP: 4/4
  1657 | D:3      | Noticed Ijyb
  1658 | D:3      | Noticed Robin
  1693 | D:2      | Killed Ijyb
  1908 | D:3      | Killed Robin
  1925 | D:3      | Reached XP level 5. HP: 32/33 MP: 5/5
  1968 | D:3      | Found an ancient bone altar of Kikubaaqudgha.
  1968 | D:3      | Noticed a human
  1971 | D:3      | Killed a human
  2104 | D:3      | Noticed a kobold brigand
  2131 | D:3      | Killed a kobold brigand
  2882 | D:4      | Reached XP level 6. HP: 39/39 MP: 6/6
  3287 | D:4      | Noticed Sigmund
  3303 | D:4      | Killed Sigmund
  3307 | D:4      | Reached skill level 5 in Evocations
  3307 | D:4      | Reached XP level 7. HP: 42/45 MP: 7/7
  3380 | D:4      | Noticed Duvessa
  3800 | D:4      | Noticed Dowan
  4130 | D:5      | Entered Level 5 of the Dungeon
  4130 | D:5      | Found a radiant altar of Vehumet.
  4286 | D:5      | Reached skill level 1 in Short Blades
  4611 | D:5      | Found a glowing golden altar of the Shining One.
  4690 | D:5      | Found a broken altar of Ashenzari.
  4693 | D:5      | Found a snail-covered altar of Cheibriados.
  4898 | D:5      | Reached XP level 8. HP: 47/52 MP: 8/8
  5312 | D:6      | Found a glowing silver altar of Zin.
  5325 | D:6      | Reached skill level 1 in Spellcasting
  5491 | D:6      | Reached skill level 5 in Dodging
  5714 | D:6      | Identified the +1 quarterstaff of the Winnowing Gods
                  | {drain, Fly}
  6032 | D:6      | Found a staircase to the Ecumenical Temple.
  6063 | Temple   | Entered the Ecumenical Temple
  6187 | Temple   | Became a worshipper of Gozag Ym Sagoz the Greedy
  6897 | D:7      | Noticed Maggie
  6926 | D:7      | Found a basalt altar of Yredelemnul.
  6954 | D:7      | Killed Maggie
  6990 | D:7      | Found a flagged portal.
  6996 | D:7      | Reached XP level 9. HP: 47/58 MP: 13/13
  7012 | Bailey   | Entered a bailey
  7106 | Bailey   | Reached skill level 5 in Short Blades
  7333 | Bailey   | Reached skill level 6 in Evocations
  7336 | Bailey   | Slain by an orc warrior

Illustrated notes

Levels and vault maps discovered:
D:1:      matt_arrival_spirals, layout_basic,
          hellmonk_ecumenical_altar_arch_garden, minmay_misc_feat_x
D:2:      layout_rooms, serial_shops, nicolae_shop_just_a_little_nook, shop,
          nicolae_shop_pleasant_corner_grove, basic_altar,
          uniq_crazy_yiuf_cottage
D:3:      cheibrodos_thug_alley, layout_basic, tgw_kikubaaqudgha,
          grunt_ministairs_11, nicolae_goblin_pals
D:4:      layout_layer_cave, minmay_crystal_water, uniq_sigmund, uniq_duvessa
D:5:      layout_basic, grunt_temple_overflow_open, vehumet_altar_wand_db
D:6:      layout_loops_corners, mainiacjoe_overflow_small_starburst,
          minmay_temple_entry_junction
D:7:      nicolae_cairo_tiling_large, layout_gridville,
          yredelemnul_forgotten_temple_becter, enter_bailey_3, uniq_maggie
Temple:   nicolae_temple_bog_church
Bailey:   bailey_polearm_nasty_gnolls, bailey

Skill      XL: |  1  2  3  4  5  6  7  8  9 |
---------------+----------------------------+-----
Evocations     | 4 5 6 |  6.0
Dodging        | 3 4 5 |  5.4
Unarmed Combat | 1 2 3 4 |  4.6
Fighting       | 2 3 4 |  4.2
Short Blades   | 2 4 5 |  5.0
Spellcasting   | 2 |  2.9
Stealth        | |  1.3
Shields        | |  0.3

Action                     |  1- 3 |  4- 6 |  7- 9 || total
---------------------------+-------+-------+-------++-------
  Melee: Unarmed           |   127 |    45 |       ||   172
         Constrict         |    29 |    19 |    44 ||    92
         Tentacles         |    33 |    13 |    55 ||   101
         Punch             |     3 |     1 |    10 ||    14
         Dagger            |       |    38 |   181 ||   219
  Evoke: Wand              |     2 |    13 |    16 ||    31
    Use: Potion            |       |       |     5 ||     5
   Stab: Sleeping          |     6 |     7 |     4 ||    17
         Distracted        |       |       |     4 ||     4
 Armour: Skin              |    14 |     4 |     5 ||    23
  Dodge: Dodged            |    78 |    52 |   115 ||   245
  Block: Other             |       |       |    23 ||    23
         Reflection        |       |       |     1 ||     1
